 Dungeon Crawl Stone Soup version 0.20.1-1-g8b1a95d (webtiles) character file.

40 Liatris the Skirmisher (level 3, -4/29 HPs)
             Began as a Demonspawn Berserker on Aug 9, 2017.
             Was a Believer of Trog.
             Slain by a gnoll
             ... wielding a +0 halberd
              (7 damage)
             ... on level 2 of the Dungeon.
             The game lasted 00:16:03 (1223 turns).

Liatris the Skirmisher (Demonspawn Berserker)       Turns: 1223, Time: 00:16:03

Health: -4/29      AC:  5    Str: 18    XL:     3   Next: 30%
Magic:  3/3        EV: 11    Int:  8    God:    Trog [**....]
Gold:   68         SH:  0    Dex: 12    Spells: 2/2 levels left

rFire    . . .     SeeInvis .   a - +0 short sword
rCold    . . .     Gourm    .   (no shield)
rNeg     . . .     Faith    .   e - +0 ring mail
rPois    .         Spirit   .   (no helmet)
rElec    .         Reflect  .   (no cloak)
rCorr    .         Harm     .   (no gloves)
MR       .....                  (no boots)
Stlth    ..........             h - amulet of rage
Regen    0.1/turn               (no ring)
MPRegen  0.1/turn               (no ring)

@: no status effects
A: hooves 1, spiny 1
a: Berserk, Trog's Hand, Burn Spellbooks, Renounce Religion, Evoke Berserk Rage


You were on level 2 of the Dungeon.
You worshipped Trog.
Trog was pleased with you.
You were hungry.

You visited 1 branch of the dungeon, and saw 2 of its levels.

You collected 68 gold pieces.

Inventory:

Hand Weapons
 a - a +0 short sword (weapon)
 d - a cursed -1 dagger
 i - a cursed -3 club
Armour
 b - a +0 animal skin
 e - a +0 ring mail (worn)
Jewellery
 h - an amulet of rage (around neck)
Scrolls
 j - a scroll of fog
 k - 2 scrolls of identify {unknown}
Potions
 f - a potion of invisibility {unknown}
 g - a potion of berserk rage {unknown}
Comestibles
 c - 2 bread rations


   Skills:
 + Level 3.4 Fighting
 + Level 3.2 Short Blades
 + Level 2.0 Armour
 + Level 2.1 Dodging
 + Level 0.4 Stealth


You had 2 spell levels left.
You didn't know any spells.

Dungeon Overview and Level Annotations

Branches:
Dungeon (2/15)

Altars:


Innate Abilities, Weirdness & Mutations

You have large cloven feet.
You are partially covered in sharp spines.


Message History

The gnoll closely misses you. The rat is struck by your spines.
You kill the rat!
Trog accepts your kill.
Found a short sword.
The goblin is struck by your spines. The goblin closely misses you.
The gnoll barely misses you. The goblin closely misses you.
Found a stone staircase leading down.
The goblin is struck by your spines.
You kill the goblin!
Trog accepts your kill. The goblin barely misses you.
The gnoll barely misses you. The goblin barely misses you.
The gnoll hits you from afar with a halberd.
* * * LOW HITPOINT WARNING * * *
The gnoll is struck by your spines. The gnoll closely misses you.
The goblin is struck by your spines. The goblin barely misses you.
You hit the gnoll. You kick the gnoll.
The gnoll is almost dead.
The gnoll hits you with a halberd!
You die...

#............
#............
#...........#
#...........# #
#...........# #.
#...........# #.####
#.......)...#
#....####....g....$.#
#.....##...@g......##
.####.#.#.#####gg.)......
...............)......[.>
.......<..#####.†........
######....# #.......(..
.......# #.......)..
#####.## #.......... ..#
#.......... #..#
#..........


You could see 3 gnolls and a goblin.

Vanquished Creatures
  A gnoll (D:2)
  2 leopard geckos (D:1)
  3 bats (D:1)
  3 giant cockroaches (D:1)
  4 goblins
  A hobgoblin (D:1)
  4 jackals (D:1)
  A frilled lizard (D:1)
  4 kobolds (D:1)
  5 rats
28 creatures vanquished.

Notes
Turn   | Place    | Note
-------+----------+-------------------------------------------
     0 | D:1      | Liatris the Demonspawn Berserker began the quest for the Orb.
     0 | D:1      | Reached XP level 1. HP: 18/18 MP: 1/1
   452 | D:1      | Gained mutation: You are partially covered in sharp spines. [demonic ancestry]
   452 | D:1      | Reached XP level 2. HP: 8/24 MP: 2/2
   988 | D:1      | Reached ** piety under Trog
  1185 | D:1      | Gained mutation: You have large cloven feet. [demonic ancestry]
  1185 | D:1      | Reached XP level 3. HP: 29/29 MP: 3/3
  1223 | D:2      | Slain by a gnoll

Skill      XL: |  1  2 |
---------------+-------+-----
Dodging        | 2 |  2.1
Armour         | 2 |  2.0
Short Blades   | 3 |  3.2
Fighting       | |  3.4
Stealth        | |  0.4

Action                   || total
-------------------------++-------
Melee: Short sword       ||    86
       Kick              ||     3
  Use: Scroll            ||     1
Armor: Animal skin       ||    13
       Ring mail         ||    15
Dodge: Dodged            ||    97
